 Dungeon Crawl Stone Soup version 0.18-a0-1782-gb76a692 (webtiles) character file.

178368 LernaeanJelly the Phalangite (level 18, -2/154 HPs)
             Began as a Merfolk Berserker on Apr 17, 2016.
             Was a High Priest of Trog.
             Hit by a large rock thrown by a stone giant (34 damage)
             ... on level 3 of the Depths.
             The game lasted 04:12:12 (36501 turns).

LernaeanJelly the Phalangite (Merfolk Berserker)   Turns: 36501, Time: 04:12:12

Health: -2/154     AC: 22    Str: 18 (19) XL:     18   Next: 20%
Magic:  23/28      EV: 25    Int:  6      God:    Trog [*****.]
Gold:   535        SH:  2    Dex: 24      Spells: 0 memorised, 17 levels left

rFire  + + .     SeeInvis .     a - +8 bardiche (flame)
rCold  + . .     Gourm    .     F - +0 fire dragon armour
rNeg   . . .     Faith    +     (shield currently unavailable)
rPois  +         Spirit   .     x - +0 helmet
rElec  +         Dismiss  .     e - +0 cloak
rCorr  +         Reflect  .     I - +0 pair of gloves {archery}
SustAt .         Harm     .     U - +1 pair of boots
MR     +++..                    Y - amulet of faith
Stlth  ..........               O - +6 ring of dexterity
                                i - ring of ice

@: exhausted, resistant, very slightly contaminated, regenerating, hasted and
slowed, extremely resistant to hostile enchantments, extremely unstealthy
A: change form in water, swift swim, large bone plates 1, rugged brown scales 1,
slimy green scales 1, deterioration 2, high mp 1, weak 1, MP-powered wands
a: Berserk, Trog's Hand, Brothers in Arms, Burn Spellbooks, Renounce Religion


You were on level 3 of the Depths.
You worshipped Trog.
Trog was extremely pleased with you.
You were very hungry.

You visited 2 branches of the dungeon, and saw 18 of its levels.

You collected 1613 gold pieces.
You spent 1078 gold pieces at shops.

Inventory:

Hand Weapons
 a - a +8 bardiche of flaming (weapon)
   (Trog gifted it to you on level 1 of the Depths)
 p - a +2 antimagic glaive
   (Trog gifted it to you on level 14 of the Dungeon)
 z - the +4 halberd of the Lesser Evil {vamp, MR+, unknown}
   (Trog gifted it to you on level 3 of the Depths)

   It inflicts no extra harm, but heals its wielder somewhat when it strikes a
   living foe.
   It affects your resistance to hostile enchantments.
 A - a +1 blowgun
   (You took it off a kobold on level 3 of the Dungeon)
Missiles
 B - 4 silver tomahawks (quivered)
 L - 8 curare-tipped needles
 P - 6 needles of sleeping
 R - 4 steel tomahawks
Armour
 e - a +0 cloak (worn)
   (You found it on level 13 of the Dungeon)
 k - a +0 plate armour of magic resistance
   (You found it on level 1 of the Depths)
 x - a +0 helmet (worn)
   (You found it on level 1 of the Dungeon)
 F - a +0 fire dragon armour (worn)
   (You found it on level 2 of the Depths)
 I - a +0 pair of gloves of archery (worn)
   (You found it on level 11 of the Dungeon)
 T - a +2 hat of spirit shield
   (You took it off Gastronok on level 8 of the Dungeon)
 U - a +1 pair of boots (worn)
   (You found it on level 11 of the Dungeon)
Rods
 b - a +1 rod of ignition (14/14)
   (You took it off Frances on level 12 of the Dungeon)
 s - a +5 rod of ignition (14/14)
   (You took it off a spriggan air mage on level 2 of the Depths)
 X - a +6 rod of ignition (10/10)
   (You found it on level 11 of the Dungeon)
Jewellery
 i - a ring of ice (left hand)
   (You found it on level 13 of the Dungeon)
 O - a +6 ring of dexterity (right hand)
   (You found it on level 6 of the Dungeon)
 Y - an amulet of faith (around neck)
   (You found it on level 11 of the Dungeon)
Wands
 q - a wand of heal wounds (5/9)
   (You bought it in a shop on level 1 of the Depths)
 w - a wand of lightning (8/15)
   (You found it on level 11 of the Dungeon)
 H - a wand of digging (0/24)
   (You found it on level 4 of the Dungeon)
 K - a wand of heal wounds (0/9)
   (You found it on level 5 of the Dungeon)
 V - a wand of hasting (3/9)
   (You took it off Frances on level 12 of the Dungeon)
Scrolls
 f - 6 scrolls of immolation
 g - a scroll of recharging
 h - 8 scrolls of remove curse
 l - a scroll of enchant armour
 n - a scroll of vulnerability
 r - 2 scrolls of identify
 v - 2 scrolls of magic mapping
 y - a scroll of blinking
 S - 3 scrolls of fog
Potions
 m - a potion of brilliance
 o - 4 potions of lignification
 t - 3 potions of cancellation
 u - 3 potions of flight
 C - a potion of ambrosia
 D - a potion of berserk rage {unknown}
 G - 2 potions of curing
 W - a potion of agility
Miscellaneous
 N - a phantom mirror
Comestibles
 c - 4 bread rations {@e1}
 d - 10 meat rations {@e2}
 j - 16 fruits
 Q - 3 beef jerkies


   Skills:
 + Level 15.6 Fighting
 - Level 26.0 Polearms
 - Level 8.9 Armour
 - Level 17.4 Dodging
 - Level 10.0 Evocations


You had 17 spell levels left.
You didn't know any spells.

Dungeon Overview and Level Annotations

Branches:
Dungeon (15/15)            Temple (0/1) D:7            Lair (0/8) D:10
    Orc (0/2) D:12         Vaults (0/5) D:14         Depths (3/5) D:15

Altars:
Elyvilon
Nemelex Xobeh
Xom
Zin
Beogh

Shops:
D:9 [   Depths:1 *

Portals:
Hell: Depths:1 Depths:2
Ziggurat: Depths:2

Annotations:
D:12 exclusion: downstairs
D:14 exclusion: downstairs
Depths:1 exclusion: downstairs
Depths:3 3 exclusions


Innate Abilities, Weirdness & Mutations

You revert to your normal form in water.
You are very nimble and swift while swimming.
You are partially covered in large bone plates (AC +2, SH +2).
You are partially covered in rugged brown scales (AC +1, +3% HP).
You are partially covered in slimy green scales (AC +2).
Your body often deteriorates upon taking damage.
You have an increased reservoir of magic (+10% MP).
You are weak. (Str -2)
You expend magic power (3 MP) to strengthen your wands.


Message History

You slice the centaur!! You burn the centaur.
You feel the power of Trog in you as your rage grows.
You kill the centaur!
Trog accepts your kill.
Attack whom?
Aim: a centaur, wielding a shortbow (severely wounded)
You reach to attack!
You barely miss the centaur.
The centaur shoots an arrow.
The arrow completely misses you.
Unknown command.
Unknown command.
Attack whom?
Aim: a centaur, wielding a shortbow (severely wounded)
You reach to attack!
You slash the centaur! You burn the centaur.
You kill the centaur!
Trog accepts your kill.
Unknown command.
Unknown command.
Unknown command.
The frost giant gestures at you while chanting.
The bolt of cold misses you.
Items here: $ (( )) † Unknown command.
You feel a strong urge to attack something.
Unknown command.
Unknown command.
You are no longer berserk.
You are exhausted.
You feel yourself slow down.
You are feeling very hungry.
You see here an arrow.
You now have 117/153 hp.
Wield which item (- for none, * to show all)? (? for menu, Esc to quit)
Your +8 bardiche of flaming stops flaming.
A - a +1 blowgun (weapon)
Aim: a frost giant, wielding a battleaxe of freezing You shoot a curare-tipped needle.
The curare-tipped needle hits the frost giant.
The frost giant is poisoned.
The frost giant convulses.
The frost giant seems to slow down.
The frost giant casts a spell at you. The bolt of cold hits you!
* * * LOW HITPOINT WARNING * * *
You take 27 damage, and have 90/153 hp.
Wield which item (- for none, * to show all)? (? for menu, Esc to quit)
It bursts into flame!
a - a +8 bardiche of flaming (weapon)
The frost giant casts a spell at you. The bolt of cold hits you!
* * * LOW HITPOINT WARNING * * *
You take 39 damage, and have 51/153 hp.
MASSIVE DAMAGE!!
Drink which item? (? for menu, Esc to quit)
Okay, then.
Drink which item? (? for menu, Esc to quit)
You feel protected.
Unknown command.
You feel much better.
This wand has 0 charges left.
The frost giant hits you with a battleaxe of freezing!!
* * * LOW HITPOINT WARNING * * *
The frost giant freezes you.
* * * LOW HITPOINT WARNING * * *
You take 8 damage, and have 43/153 hp.
You now have 25/28 mp.
You feel yourself speed up.
You are very lightly contaminated with residual magic.
This wand has 3 charges left.
The frost giant is no longer moving slowly.
The frost giant hits you with a battleaxe of freezing.
* * * LOW HITPOINT WARNING * * *
The frost giant freezes you.
* * * LOW HITPOINT WARNING * * *
You take 6 damage, and have 37/153 hp.
You now have 22/28 mp.
Unknown command.
Drink which item? (? for menu, Esc to quit)
Okay, then.
Read which item? (? for menu, Esc to quit)
Okay, then.
Your skin crawls.
You feel resistant to hostile enchantments.
You feel slightly more hungry.
Unknown command.
You slice the frost giant!! You burn the frost giant!
The frost giant gestures at you while chanting.
The bolt of cold hits you! You resist.
* * * LOW HITPOINT WARNING * * *
You take 18 damage, and have 20/153 hp.
Unknown command.
Drink which item? (? for menu, Esc to quit)
You feel better.
The frost giant hits you but does no damage.
You regained 10 hp, and now have 30/153 hp.
Unknown command.
You slice the frost giant like a ripe choko!!!
You burn the frost giant! The frost giant barely misses you.
Unknown command.
You slice the frost giant!! You burn the frost giant.
You kill the frost giant!
Trog accepts your kill.
Trog appreciates your killing of a magic user.
The stone giant throws a large rock.
The large rock hits you!!
You die...

#.....(.....###.##
#...<....#### #.#
##........# #.#
*#......[..# #.#
*#.#.....)..## #.#
*#.##........).####.#
#.#*#......C.()C((.(#
##**#........##)###.#
,,,,...$.#...###@##.#
,,,......#.c.# ##(#.#
,,.......#...#* ###.#
,,,,..(,.###..#####[#
,,,,,,,,.T....)...).#
,,,,,,,.....>##)#.####
,,,,,,,,.......)))...#
,,,,,,,,#.#..#####[)##
,,,,,,,,#.[#.### ##..#


You could see a stone giant.

Vanquished Creatures
  A golden dragon (Depths:2)
  A titan (Depths:2)
  A sphinx (Depths:1)
  Gastronok (D:8)
  Frances (D:12)
  A tengu reaver (D:14)
  Roxanne (D:14)
  2 frost giants
  5 fire giants
  An angel (D:3)
  A spriggan defender (Depths:2)
  6 stone giants
  3 very ugly things
  4 vampire knights
  4 spark wasps (Depths:2)
  9 ettins
  A deep elf death mage (Depths:2)
  7 fire dragons
  2 yaktaur captains (Depths:2)
  2 great orbs of eyes (Depths:2)
  3 rakshasas
  3 spriggan air magi (Depths:2)
  7 entropy weavers
  2 hydras
  5 ice dragons
  A hell beast (Depths:1)
  6 centaur warriors
  6 ogre magi
  4 deep troll earth magi
  6 deep troll shamans
  6 tengu warriors
  3 vampire magi
  A titan zombie (Depths:3)
  6 spriggan berserkers
  7 hell knights (Depths:2)
  3 spriggans
  The ghost of ThereIsNoGod the Cleaver, a novice MiFi of Makhleb (D:7)
  A storm dragon zombie (Depths:3)
  A soul eater (Depths:1)
  A deep elf knight (D:14)
  A fire crab (D:14)
  2 iron trolls (Depths:2)
  A giant orange brain (Depths:1)
  A skeletal warrior (D:14)
  An unseen horror (D:14)
  A storm dragon skeleton (Depths:1)
  13 deep trolls
  11 hill giants
  2 necromancers
  A wizard (Depths:1)
  3 deep elf magi (D:14)
  4 orc knights
  A mana viper (shapeshifter) (Depths:2)
  A frost giant zombie (Depths:1)
  3 griffons
  22 ugly things
  2 manticores (D:15)
  8 cyclopes
  A salamander (Depths:1)
  5 centaur zombies
  A storm dragon simulacrum (Depths:1)
  A black mamba (shapeshifter) (D:15)
  A rust devil (Depths:1)
  A gargoyle (D:14)
  3 kobold demonologists (D:14)
  An efreet (D:14)
  An ice devil (Depths:1)
  12 yaktaurs
  6 tengu conjurers
  A troll (shapeshifter) (Depths:1)
  7 trolls
  3 jumping spiders (Depths:1)
  12 two-headed ogres
  29 slime creatures
  A blink frog (shapeshifter) (Depths:2)
  2 air elementals
  13 redbacks
  A shadow (D:15)
  4 wraiths
  A tarantella (shapeshifter) (Depths:3)
  A vampire (D:14)
  2 tarantellas (Depths:1)
  3 wyverns
  3 basilisks
  21 yaks
  A human (shapeshifter) (Depths:1)
  5 hippogriffs
  A steam dragon (D:6)
  A hungry ghost (D:10)
  3 mottled dragons
  17 vampire mosquitoes
  Menkaure (D:7)
  A water moccasin (D:10)
  2 wargs (D:14)
  A hell hound (Depths:1)
  A hell hound (shapeshifter) (D:12)
  5 porcupines (D:10)
  A black bear (D:9)
  2 giant eyeballs (Depths:2)
  4 wasps
  4 sky beasts
  7 orc warriors
  An ice beast (D:12)
  3 necrophages
  8 phantoms
  20 ogres
  4 boggarts
  9 centaurs
  An eye of draining (D:12)
  A crocodile (shapeshifter) (Depths:2)
  8 big kobolds
  3 crocodiles
  10 giant frogs
  A wyvern zombie (D:14)
  A wyvern skeleton (D:11)
  6 jellies
  23 killer bees
  5 scorpions
  10 wights
  6 howler monkeys
  8 crimson imps
  A quasit (D:10)
  A wasp zombie (D:11)
  A giant frog zombie (D:11)
  A jelly (shapeshifter) (Depths:1)
  8 orc priests
  11 centaur skeletons
  3 giant frog skeletons
  A gnoll shaman (D:9)
  13 hounds
  16 orc wizards
  5 iguanas
  10 worker ants
  A hound skeleton (D:11)
  A worker ant zombie (D:5)
  Robin (D:4)
  13 adders
  8 gnolls
  5 river rats (D:10)
  A shadow imp (D:5)
  2 oozes
  2 adder zombies (D:8)
  3 adder skeletons
  4 worms
  2 dart slugs
  6 giant geckos
  80 orcs
  8 giant cockroaches
  7 goblins
  13 hobgoblins
  12 jackals
  29 kobolds
  2 quokkas
  8 bats
  A giant gecko skeleton (D:7)
  8 giant newts
  A jackal zombie (D:5)
  A quokka zombie (D:10)
  5 rats
822 creatures vanquished.

Vanquished Creatures (collateral kills)
  A tengu reaver (Depths:1)
  An entropy weaver (Depths:1)
  A spriggan air mage (Depths:2)
  A deep troll shaman (Depths:3)
  A deep troll earth mage (Depths:3)
  A tengu conjurer (D:14)
  A redback (Depths:1)
  A tarantella (Depths:1)
  An ogre (Depths:3)
  3 killer bees (D:8)
  A wight (D:8)
  A worker ant (D:14)
14 creatures vanquished.

Vanquished Creatures (others)
  A big kobold (D:12)
  3 kobolds (D:12)
  2 fungi (D:10)
6 creatures vanquished.

Grand Total: 842 creatures vanquished

Notes
Turn   | Place    | Note
--------------------------------------------------------------
     0 | D:1      | LernaeanJelly the Merfolk Berserker began the quest for the Orb.
     0 | D:1      | Reached XP level 1. HP: 18/18 MP: 1/1
   324 | D:1      | Reached skill level 5 in Polearms
   527 | D:1      | Reached XP level 2. HP: 21/24 MP: 2/2
   875 | D:2      | Reached skill level 6 in Polearms
   875 | D:2      | Reached XP level 3. HP: 20/29 MP: 3/3
   885 | D:2      | HP: 5/29 [gnoll/halberd (4)]
  1328 | D:2      | Reached skill level 7 in Polearms
  1328 | D:2      | Reached XP level 4. HP: 33/35 MP: 4/4
  1595 | D:2      | Reached ** piety under Trog
  1722 | D:2      | Found a sparkling altar of Nemelex Xobeh.
  2255 | D:3      | Reached skill level 8 in Polearms
  2269 | D:3      | Reached XP level 5. HP: 21/41 MP: 5/5
  2399 | D:3      | Found a runed door.
  2399 | D:3      | Found a glowing silver altar of Zin.
  2399 | D:3      | Noticed an angel
  2597 | D:3      | Noticed a phantom
  2619 | D:3      | Killed a phantom
  2619 | D:3      | Reached skill level 9 in Polearms
  2864 | D:3      | Reached XP level 6. HP: 46/47 MP: 6/6
  3083 | D:3      | Reached skill level 10 in Polearms
  3327 | D:3      | Reached *** piety under Trog
  3526 | D:4      | Reached XP level 7. HP: 52/52 MP: 7/7
  3536 | D:4      | Reached skill level 11 in Polearms
  3751 | D:4      | Noticed Robin
  3786 | D:4      | Killed Robin
  4055 | D:4      | Reached skill level 12 in Polearms
  4202 | D:4      | Reached **** piety under Trog
  4292 | D:5      | Entered Level 5 of the Dungeon
  4600 | D:5      | Found a white marble altar of Elyvilon.
  4614 | D:5      | Reached XP level 8. HP: 56/58 MP: 8/8
  4660 | D:5      | Found a glowing silver altar of Zin.
  4874 | D:6      | Reached skill level 13 in Polearms
  5246 | D:6      | Reached skill level 14 in Polearms
  5433 | D:6      | Reached skill level 15 in Polearms
  5433 | D:6      | Reached XP level 9. HP: 40/64 MP: 9/9
  5859 | D:7      | Received a gift from Trog
  6079 | D:7      | Noticed ThereIsNoGod's ghost (novice MiFi)
  6087 | D:7      | Killed ThereIsNoGod's ghost
  6087 | D:7      | Reached skill level 16 in Polearms
  6240 | D:7      | Noticed Menkaure
  6244 | D:7      | Killed Menkaure
  6244 | D:7      | Reached skill level 17 in Polearms
  6494 | D:7      | Found a staircase to the Ecumenical Temple.
  6536 | D:7      | You fall through a shaft for 2 floors!
  6536 | D:9      | Noticed a two-headed ogre
  7136 | D:8      | Reached ***** piety under Trog
  7136 | D:8      | Reached skill level 18 in Polearms
  7182 | D:8      | Reached XP level 10. HP: 41/70 MP: 10/10
  7421 | D:8      | Noticed Gastronok
  7503 | D:8      | Killed Gastronok
  7503 | D:8      | Reached skill level 19 in Polearms
  7740 | D:8      | Reached skill level 20 in Polearms
  8222 | D:8      | HP: 14/70 [killer bee (7)]
  8325 | D:8      | HP: 17/70 [poisoned by a killer bee]
  8330 | D:8      | HP: 11/70 [poisoned by a killer bee]
  8335 | D:8      | HP: 7/70 [poisoned by a killer bee]
  8341 | D:8      | HP: 4/70 [poisoned by a killer bee]
  8346 | D:8      | HP: 2/70 [poisoned by a killer bee]
  8352 | D:8      | HP: 1/70 [poisoned by a killer bee]
  8360 | D:8      | HP: 1/70 [poisoned by a killer bee]
  9200 | D:8      | Reached XP level 11. HP: 74/75 MP: 11/11
  9218 | D:8      | Identified a scroll of acquirement
  9237 | D:9      | Found Ohaig's Armour Shoppe.
  9287 | D:9      | Reached skill level 21 in Polearms
  9863 | D:10     | Entered Level 10 of the Dungeon
 10310 | D:10     | Received a gift from Trog
 10317 | D:10     | Reached skill level 22 in Polearms
 10442 | D:10     | HP: 23/112 [yak (8)]
 10699 | D:10     | Found a staircase to the Lair.
 11079 | D:10     | Noticed a hill giant
 11092 | D:10     | Killed a hill giant
 11118 | D:10     | Noticed a hill giant
 11125 | D:10     | Killed a hill giant
 11226 | D:10     | Reached skill level 23 in Polearms
 11573 | D:11     | Reached skill level 3 in Dodging
 11605 | D:11     | Reached skill level 4 in Fighting
 11638 | D:11     | Noticed a brown ugly thing
 11643 | D:11     | Reached skill level 4 in Dodging
 11652 | D:11     | Killed a brown ugly thing
 11652 | D:11     | Reached XP level 12. HP: 70/84 MP: 12/12
 11657 | D:11     | Reached skill level 5 in Dodging
 11660 | D:11     | Reached skill level 5 in Fighting
 11852 | D:11     | Reached skill level 6 in Dodging
 11882 | D:11     | Received a gift from Trog
 11901 | D:11     | Identified a +6 rod of ignition (10/10) (You found it on level 11 of the Dungeon)
 12293 | D:11     | Reached skill level 6 in Fighting
 12421 | D:11     | You fall through a shaft for 2 floors!
 12488 | D:12     | Reached skill level 7 in Dodging
 12601 | D:12     | Received a gift from Trog
 12623 | D:12     | Noticed Frances
 12638 | D:12     | Killed Frances
 12642 | D:12     | Reached skill level 7 in Fighting
 12642 | D:12     | Reached skill level 8 in Dodging
 12789 | D:12     | Identified a +1 rod of ignition (14/14) (You took it off Frances on level 12 of the Dungeon)
 12884 | D:12     | Gained mutation: You tend to lose your temper in combat. [mutagenic meat]
 12885 | D:12     | Gained mutation: You are weak. (Str -2) [mutagenic meat]
 12886 | D:12     | Gained mutation: Armour fits poorly on your strangely shaped body. [mutagenic meat]
 12887 | D:12     | Gained mutation: You are partially covered in icy blue scales (AC +1). [mutagenic meat]
 13405 | D:11     | Reached skill level 9 in Dodging
 13802 | D:11     | Reached skill level 8 in Fighting
 14213 | D:11     | Received a gift from Trog
 14724 | D:12     | Reached skill level 10 in Dodging
 14732 | D:12     | Found a roughly hewn altar of Beogh.
 14732 | D:12     | Found a staircase to the Orcish Mines.
 14927 | D:12     | Reached skill level 9 in Fighting
 14991 | D:12     | Reached XP level 13. HP: 72/101 MP: 5/13
 15152 | D:12     | Reached skill level 2 in Armour
 15755 | D:13     | Reached skill level 3 in Armour
 15760 | D:13     | Gained mutation: You occasionally shout uncontrollably at your foes. [mutagenic meat]
 15761 | D:13     | Gained mutation: You have an increased reservoir of magic (+10% MP). [mutagenic meat]
 15879 | D:13     | Gained mutation: You are partially covered in rugged brown scales (AC +1, +3% HP). [potion of mutation]
 15879 | D:13     | Gained mutation: Your body sometimes deteriorates upon taking damage. [potion of mutation]
 15974 | D:13     | Reached skill level 4 in Armour
 17613 | D:13     | Reached skill level 5 in Armour
 17862 | D:14     | Reached skill level 6 in Armour
 18322 | D:14     | Reached skill level 7 in Armour
 18348 | D:14     | Gained mutation: You expend magic power (3 MP) to strengthen your wands. [mutagenic meat]
 18349 | D:14     | Gained mutation: You are partially covered in large bone plates (AC +2, SH +2). [mutagenic meat]
 18350 | D:14     | Lost mutation: Armour fits poorly on your strangely shaped body. [mutagenic meat]
 18353 | D:14     | Lost mutation: You are partially covered in icy blue scales (AC +1). [mutagenic meat]
 18660 | D:14     | Reached skill level 8 in Armour
 18868 | D:14     | Noticed a tengu reaver
 18886 | D:14     | Killed a tengu reaver
 18886 | D:14     | Received a gift from Trog
 18886 | D:14     | Reached XP level 14. HP: 94/111 MP: 4/15
 19265 | D:14     | Reached skill level 1 in Evocations
 19295 | D:14     | Reached skill level 2 in Evocations
 19780 | D:14     | Reached skill level 3 in Evocations
 20086 | D:10     | Reached skill level 10 in Fighting
 20273 | D:12     | Reached skill level 4 in Evocations
 20758 | D:14     | Reached skill level 5 in Evocations
 21025 | D:14     | Gained mutation: Your body often deteriorates upon taking damage. [potion of mutation]
 21025 | D:14     | Lost mutation: You tend to lose your temper in combat. [potion of mutation]
 21089 | D:14     | Noticed Roxanne
 21117 | D:14     | Received a gift from Trog
 21279 | D:14     | Reached skill level 6 in Evocations
 21329 | D:14     | Reached skill level 11 in Dodging
 21910 | D:14     | Found a gate to the Vaults.
 22360 | D:14     | Killed Roxanne
 22360 | D:14     | Reached skill level 7 in Evocations
 22570 | D:15     | Entered Level 15 of the Dungeon
 22799 | D:15     | Noticed a fire giant
 22836 | D:15     | Killed a fire giant
 22836 | D:15     | Reached skill level 12 in Dodging
 23115 | D:15     | Found a staircase to the Depths.
 23679 | D:3      | Killed an angel
 23996 | Depths:1 | Entered Level 1 of the Depths
 24008 | D:15     | Reached skill level 8 in Evocations
 24008 | D:15     | Reached XP level 15. HP: 88/118 MP: 5/23
 24215 | Depths:1 | Noticed a tengu reaver
 24223 | Depths:1 | Killed a tengu reaver
 24253 | Depths:1 | Reached skill level 13 in Dodging
 24533 | Depths:1 | Received a gift from Trog
 24769 | Depths:1 | Found a shimmering altar of Xom.
 25022 | Depths:1 | Reached skill level 9 in Evocations
 25105 | Depths:1 | Noticed a sphinx
 25118 | Depths:1 | Killed a sphinx
 25118 | Depths:1 | Received a gift from Trog
 25318 | Depths:1 | Noticed a fire giant
 25370 | D:15     | Reached skill level 14 in Dodging
 25767 | Depths:1 | Killed a fire giant
 26066 | D:15     | Reached skill level 10 in Evocations
 26842 | Depths:1 | Found Sejot's General Store.
 27297 | Depths:1 | Reached skill level 15 in Dodging
 27322 | Depths:1 | Lost mutation: You occasionally shout uncontrollably at your foes. [mutagenic meat]
 27323 | Depths:1 | Gained mutation: You are partially covered in slimy green scales (AC +2). [mutagenic meat]
 27628 | Depths:1 | Received a gift from Trog
 28020 | Depths:1 | Bought 4 curare-tipped needles for 38 gold pieces
 28020 | Depths:1 | Bought a scroll of magic mapping for 56 gold pieces
 28020 | Depths:1 | Bought a scroll of vulnerability for 120 gold pieces
 28516 | Depths:1 | Reached XP level 16. HP: 102/125 MP: 19/25
 29101 | Depths:1 | Found a gateway to Hell.
 29139 | Depths:1 | Reached skill level 24 in Polearms
 29601 | Depths:1 | Received a gift from Trog
 30241 | Depths:1 | Reached skill level 25 in Polearms
 30921 | Depths:2 | Reached ****** piety under Trog
 30992 | Depths:2 | Received a gift from Trog
 31312 | Depths:2 | Reached skill level 26 in Polearms
 31471 | Depths:2 | Found a gateway to a ziggurat.
 31732 | Depths:3 | Reached skill level 11 in Fighting
 31750 | Depths:3 | Reached XP level 17. HP: 49/134 MP: 4/26
 31761 | Depths:3 | Noticed a sphinx
 31989 | Depths:3 | Noticed an iron giant
 32057 | Depths:3 | Noticed a lich
 32182 | Depths:3 | Reached skill level 12 in Fighting
 32334 | Depths:2 | Paralysed by a vampire knight for 4 turns
 32365 | Depths:2 | Reached skill level 13 in Fighting
 32391 | Depths:1 | Identified a +5 rod of ignition (14/14) (You took it off a spriggan air mage on level 2 of the Depths)
 32676 | Depths:2 | Reached skill level 16 in Dodging
 32967 | Depths:2 | HP: 32/140 [something (14)]
 32975 | Depths:2 | HP: 46/210 [fire giant/fireball (19)]
 33001 | Depths:2 | HP: 10/140 [ettin/dire flail (35)]
 33019 | Depths:2 | HP: 25/140 [ettin/dire flail (13)]
 33019 | Depths:2 | HP: 7/140 [ettin/dire flail (18)]
 33025 | Depths:2 | Noticed a titan
 33027 | Depths:2 | Noticed a golden dragon
 33346 | Depths:1 | Bought a wand of heal wounds (5/9) for 864 gold pieces
 33760 | Depths:2 | Reached skill level 17 in Dodging
 33928 | Depths:2 | Killed a titan
 33928 | Depths:2 | Received a gift from Trog
 34737 | Depths:2 | Killed a golden dragon
 34737 | Depths:2 | Reached skill level 14 in Fighting
 35330 | Depths:2 | Reached XP level 18. HP: 152/152 MP: 28/28
 35646 | Depths:2 | Found a gateway to a ziggurat.
 36164 | Depths:2 | Reached skill level 15 in Fighting
 36457 | Depths:3 | Received a gift from Trog
 36458 | Depths:3 | Got a brightly glowing halberd {god gift}
 36496 | Depths:3 | HP: 38/153 [frost giant/battleaxe of freezing (5)]
 36501 | Depths:3 | Hit by a large rock thrown by a stone giant

Vault maps used:
D:1:      roderic_crop_circles_arrival_small
D:2:      nemelex_spade_bored_becter
D:3:      forest_paths, lemuel_angel_altar
D:4:      uniq_robin
D:5:      lemuel_crystal_altar, zin_statuary, first_bread, nrook_mini_vaults
D:7:      minmay_temple_entry_nine_rooms, uniq_menkaure
D:8:      uniq_gastronok
D:9:      serial_shops, nicolae_shop_stone
D:10:     minmay_lair_entry_grove
D:11:     minmay_wavy_crystal, blue_anna_alchemist
D:12:     david_orc_5, lemuel_flamethrower_2, uniq_frances
D:14:     minmay_expanding_squares, hangedman_vaults_entry_quadrant_bands,
          spider_trap, uniq_roxanne
D:15:     grunt_enter_depths_giant_problem, small_statue_alley_a
Depths:1: minmay_misc_feat_more_columns, serial_shops, shop,
          grunt_mini_vestibule, xom_teletrap_fun
Depths:2: hangedman_cross_cluster, enter_ziggurat_e, hell_entry,
          infiniplex_staircase_zigzag_1, statue_in_the_mist_lemuel
Depths:3: minmay_imperfect_grid, pan_entry, abyss_entry, hell_entry,
          special_room, nrook_mini_backslash, lightli_giant_bouncers

Skill      XL: |  1  2  3  4  5  6  7  8  9 10 11 12 13 14 15 16 17 18 |
---------------+-------------------------------------------------------+-----
Polearms       | 5 6 7 8 9 10 12 15 18 20 23 26 | 26.0
Dodging        | 4 10 12 15 17 | 17.4
Fighting       | 4 9 10 11 14 15 | 15.6
Armour         | 8 |  8.9
Evocations     | 8 10 | 10.0

Action                   |  1- 3 |  4- 6 |  7- 9 | 10-12 | 13-15 | 16-18 || total
-------------------------+-------+-------+-------+-------+-------+-------++-------
Melee: Spear             |    94 |    42 |       |       |       |       ||   136
       Halberd           |       |   136 |   370 |   114 |     9 |       ||   629
       Glaive            |       |       |       |   595 |  1147 |    40 ||  1782
       Trident           |       |       |       |       |     9 |       ||     9
       Bardiche          |       |       |       |       |    47 |   643 ||   690
 Fire: Blowgun           |       |       |       |     1 |     3 |    16 ||    20
Throw: Tomahawk          |       |       |       |       |     2 |     7 ||     9
Invok: Berserk           |     1 |     3 |     6 |    12 |    27 |    24 ||    73
       Trog's Hand       |       |       |     1 |       |     2 |    10 ||    13
       Brothers in Arms  |       |       |       |     4 |     3 |     6 ||    13
       Burn Spellbooks   |       |       |       |     1 |     2 |     1 ||     4
Evoke: Wand              |       |       |       |     3 |     6 |    19 ||    28
       Rod               |       |       |       |       |    21 |    17 ||    38
  Use: Potion            |       |       |       |     5 |    12 |    10 ||    27
       Scroll            |       |       |       |    15 |     9 |    18 ||    42
 Stab: Sleeping          |       |     1 |       |       |       |       ||     1
       Distracted        |       |       |     1 |       |       |       ||     1
       Invisible         |       |       |       |     1 |     7 |       ||     8
  Eat: Chunk             |     2 |    10 |    17 |    42 |    66 |    48 ||   185
       Fruit             |       |       |       |     3 |     6 |    13 ||    22
       Bread ration      |       |       |       |       |     5 |       ||     5
       Pizza             |       |       |       |       |     1 |     1 ||     2
       Beef jerky        |       |       |       |       |     1 |       ||     1
Armor: Leather armour    |    14 |    39 |    63 |    13 |       |       ||   129
       Animal skin       |     1 |       |       |       |       |       ||     1
       Scale mail        |       |       |       |    76 |       |       ||    76
       Chain mail        |       |       |       |    13 |   393 |     4 ||   410
       Skin              |       |       |       |     9 |       |       ||     9
       Plate armour      |       |       |       |       |       |    52 ||    52
       Fire dragon armou |       |       |       |       |       |   132 ||   132
Dodge: Dodged            |    43 |    63 |   158 |   220 |   681 |   422 ||  1587
Block: Other             |       |       |       |       |    27 |    22 ||    49

Vault maps used:
D:1:      roderic_crop_circles_arrival_small
D:2:      nemelex_spade_bored_becter
D:3:      forest_paths, lemuel_angel_altar
D:4:      uniq_robin
D:5:      lemuel_crystal_altar, zin_statuary, first_bread, nrook_mini_vaults
D:7:      minmay_temple_entry_nine_rooms, uniq_menkaure
D:8:      uniq_gastronok
D:9:      serial_shops, nicolae_shop_stone
D:10:     minmay_lair_entry_grove
D:11:     minmay_wavy_crystal, blue_anna_alchemist
D:12:     david_orc_5, lemuel_flamethrower_2, uniq_frances
D:14:     minmay_expanding_squares, hangedman_vaults_entry_quadrant_bands,
          spider_trap, uniq_roxanne
D:15:     grunt_enter_depths_giant_problem, small_statue_alley_a
Depths:1: minmay_misc_feat_more_columns, serial_shops, shop,
          grunt_mini_vestibule, xom_teletrap_fun
Depths:2: hangedman_cross_cluster, enter_ziggurat_e, hell_entry,
          infiniplex_staircase_zigzag_1, statue_in_the_mist_lemuel
Depths:3: minmay_imperfect_grid, pan_entry, abyss_entry, hell_entry,
          special_room, nrook_mini_backslash, lightli_giant_bouncers

Table legend:
 A = Turns spent in this place as a percentage of turns spent in the entire game.
 B = Non-inter-level travel turns spent in this place as a percentage of non-inter-level travel turns spent in the entire game.
 C = Inter-level travel turns spent in this place as a percentage of turns spent in this place.
 D = Turns resting spent in this place as a percentage of non-inter-level travel turns spent in this place.
 E = Turns spent auto-exploring this place as a percentage of non-inter-level travel turns spent in this place.
 F = Non-inter-level travel turns spent in this place divided by the number of levels of this place that you've seen.
                   A       B       C       D       E      F
               +-------+-------+-------+-------+-------+----------------------
         Total | 100.0 | 100.0 |   0.5 |   6.2 |   5.4 | 911.4
       Dungeon |  66.2 |  66.1 |   0.6 |   5.7 |   7.4 | 723.2
        Depths |  33.8 |  33.9 |   0.3 |   7.2 |   1.7 | 1852.3
               +-------+-------+-------+-------+-------+----------------------

Table legend:
 A = Kills in this place as a percentage of kills in entire the game.
 B = Kills by you in this place as a percentage of kills by you in the entire game.
 C = Kills by friends in this place as a percentage of kills by friends in the entire game.
 D = Other kills in this place as a percentage of other kills in the entire game.
 E = Experience gained in this place as a percentage of experience gained in the entire game.
 F = Experience gained in this place divided by the number of levels of this place that you have seen.
                   A       B       C       D       E      F
               +-------+-------+-------+-------+-------+----------------------
         Total | 100.0 | 100.0 | 100.0 |  -nan | 100.0 | 14356.7
       Dungeon |  69.9 |  70.3 |  42.9 |  -nan |  35.5 | 6118.9
        Depths |  30.1 |  29.7 |  57.1 |  -nan |  64.5 | 55546.0
               +-------+-------+-------+-------+-------+----------------------
